cohdb
Replays
Latest Replays
All Replays
Popular Replays
Top Player Replays
Match Explorer
How It Works
Community
CoH3 Stats
Reddit
Sign in to upload your games and track your stats! →
Sign in with Steam
Match 43618631
Unlisted
Match 43618631
Overview
Messages
Build Orders
End
Construct Infanterie Kompanie
Selects Luftwaffe Battlegroup
Selects Luftwaffe Pioneer Support
Fallschirmpioneer Squad Paradrop
MG 42 Machine Gun Team
MG 42 Machine Gun Team
MG 42 Bunker
Selects Stuka Strafing Run
Construct Luftwaffe Kompanie
Fallschirmpioneer Squad Paradrop
Support Elements
Wirbelwind Flakpanzer
Stuka Strafing Run
Luftwaffe Officer Quarters
Construct Panzergrenadier Kompanie
Stuka Strafing Run
Nebelwerfer 42 Rocket Launcher Team
Selects Fallschirmjäger Squad Paradrop
Selects Stuka Loiter
Jäger Squad
Joraad
Elitefeast
Infinito
Verdun
3252 [ENG]
Nice-Rice_2468
FarotCOH3
Outlaw Stunner
0
0
Comments
sign in to comment!
No comments posted yet!